 Dungeon Crawl Stone Soup version 0.20.1-1-g8b1a95d (webtiles) character file.

280 exaltech the Conjurer (level 6, 0/45 HPs)
             Began as a Draconian Conjurer on Dec 8, 2017.
             Slain by Grinder (1 damage)
             ... on level 3 of the Dungeon.
             The game lasted 00:08:55 (2253 turns).

exaltech the Conjurer (Draconian Conjurer)          Turns: 2253, Time: 00:08:55

Health: 0/45       AC:  6    Str: 11    XL:     6   Next: 5%
Magic:  9/9        EV: 12    Int: 17    God:
Gold:   124        SH:  0    Dex: 11    Spells: 5/9 levels left

rFire    . . .     SeeInvis .   j - -3 short sword (curse)
rCold    . . .     Gourm    .   (no shield)
rNeg     . . .     Faith    .   (armour unavailable)
rPois    .         Spirit   .   (helmet restricted)
rElec    .         Reflect  .   (no cloak)
rCorr    .         Harm     .   (no gloves)
MR       .....                  (no boots)
Stlth    ++........             (no amulet)
Regen    0.2/turn               (no ring)
MPRegen  0.2/turn               (no ring)

@: no status effects
A: unfitting armour, cold-blooded, AC +6
a: no special abilities


You were on level 3 of the Dungeon.
You were hungry.

You visited 1 branch of the dungeon, and saw 3 of its levels.

You collected 124 gold pieces.

Inventory:

Hand Weapons
 f - a +1 dagger of speed
 h - a +2 dagger of holy wrath
 j - a cursed -3 short sword (weapon)
 k - a +0 short sword of holy wrath
Scrolls
 c - 3 scrolls of teleportation
 d - 2 scrolls of identify
Potions
 i - 2 potions of invisibility
 l - a potion of curing {unknown}
Books
 a - a book of Conjurations

   Spells                             Type                      Level
   a - Magic Dart                     Conjuration                  1
   b - Searing Ray                    Conjuration                  2
   c - Dazzling Spray                 Conjuration/Hexes            3
   d - Fulminant Prism                Conjuration/Hexes            4
   e - Force Lance                    Conjuration/Translocation    4
   f - Iskenderun's Mystic Blast      Conjuration                  4
 e - a book of Cantrips

   Spells                             Type                      Level
   a - Confusing Touch                Hexes                        1
   b - Animate Skeleton               Necromancy                   1
   c - Summon Small Mammal            Summoning                    1
   d - Apportation                    Translocation                1
Comestibles
 b - a bread ration
 g - 2 royal jellies


   Skills:
 - Level 1.7 Dodging
 - Level 1.7 Stealth
 - Level 2.0 Spellcasting
 + Level 7.3 Conjurations


You had 5 spell levels left.
You knew the following spells:

 Your Spells              Type           Power        Failure   Level  Hunger
a - Magic Dart            Conj           ####         1%          1    #......
b - Searing Ray           Conj           ####..       1%          2    ###....
c - Confusing Touch       Hex            #.....       19%         1    #......


Dungeon Overview and Level Annotations

Branches:
Dungeon (3/15)

Altars:
Gozag
The Shining One

Annotations:
D:3 Grinder


Innate Abilities, Weirdness & Mutations

Your plain brown scales are hard. (AC +6)
You cannot fit into any form of body armour.
You are cold-blooded and may be slowed by cold attacks.


Message History

Things that are here:
a flail; an orc corpse You butcher the orc corpse.
Grinder hits you but does no damage. Grinder hits you.
You writhe in agony.
Things that are here:
a flail; a chunk of flesh Eat a chunk of flesh? (ye/n/q)
You eat the chunk of flesh.
This raw flesh tastes terrible.
You are feeling hungry.
Grinder gestures at you. Pain shoots through your body!
* * * LOW HITPOINT WARNING * * *
Unknown command.
Grinder hits you but does no damage. Grinder hits you!
* * * LOW HITPOINT WARNING * * *
You writhe in agony.
* * * LOW HITPOINT WARNING * * *
Grinder hits you.
You die...

.##......#
#.#.<###
.#....####
#......#
###..###
#....#
.#####..###
. ........#
#..#####l.#
#.......5)#
#......@..#
..#########


You could see Grinder and a frilled lizard.

Vanquished Creatures
  Sigmund (D:2)
  An orc priest (D:3)
  Robin (D:2)
  2 adders (D:2)
  An ooze (D:2)
  2 dart slugs
  3 orcs (D:3)
  3 bats
  3 giant cockroaches (D:2)
  17 goblins
  5 hobgoblins
  2 jackals (D:2)
  3 frilled lizards
  5 kobolds
  5 rats
54 creatures vanquished.

Notes
Turn   | Place    | Note
-------+----------+-------------------------------------------
     0 | D:1      | exaltech the Draconian Conjurer began the quest for the Orb.
     0 | D:1      | Reached XP level 1. HP: 14/14 MP: 3/3
   385 | D:1      | Reached XP level 2. HP: 20/20 MP: 3/5
   389 | D:1      | Learned a level 2 spell: Searing Ray
   690 | D:2      | Reached skill level 5 in Conjurations
   690 | D:2      | Reached XP level 3. HP: 26/26 MP: 0/6
   800 | D:2      | Found an opulent altar of Gozag.
   940 | D:2      | Noticed Robin
  1161 | D:2      | Killed Robin
  1163 | D:2      | Reached XP level 4. HP: 31/33 MP: 1/7
  1324 | D:2      | Found a glowing golden altar of the Shining One.
  1348 | D:2      | Noticed Sigmund
  1440 | D:2      | Killed Sigmund
  1440 | D:2      | Reached skill level 7 in Conjurations
  1440 | D:2      | Reached XP level 5. HP: 3/38 MP: 0/8
  1662 | D:2      | Learned a level 1 spell: Confusing Touch
  1986 | D:3      | Reached XP level 6. HP: 10/45 MP: 3/9
  2245 | D:3      | Noticed Grinder
  2253 | D:3      | HP: 2/45 [Grinder (7)]
  2253 | D:3      | Slain by Grinder

Skill      XL: |  1  2  3  4 |
---------------+-------------+-----
Conjurations   | 5 7 |  7.3
Dodging        | |  1.7
Stealth        | |  1.7
Spellcasting   | |  2.0

Action                   |  1- 3 |  4- 6 || total
-------------------------+-------+-------++-------
Melee: Unarmed           |     7 |       ||     7
       Tailslap          |     6 |     2 ||     8
       Dagger            |    26 |       ||    26
       Short sword       |       |    20 ||    20
 Cast: Magic Dart        |    45 |    31 ||    76
       Searing Ray       |     1 |     2 ||     3
       Confusing Touch   |       |     1 ||     1
  Use: Scroll            |       |     4 ||     4
  Eat: Chunk             |     2 |     3 ||     5
Armor: Skin              |    18 |     4 ||    22
Dodge: Dodged            |    30 |    15 ||    45
